 Dungeon Crawl Stone Soup version 0.20-a0-809-gaf7f668 (webtiles) character file.

191 Ruggiaman the Chiller (level 5, -2/39 HPs)
             Began as a Ghoul Ice Elementalist on Mar 1, 2017.
             Killed from afar by an orc wizard (9 damage)
             ... with a puff of flame
             ... on level 3 of the Dungeon on Mar 2, 2017.
             The game lasted 00:41:01 (8035 turns).

Ruggiaman the Chiller (Ghoul Ice Elementalist)      Turns: 8035, Time: 00:41:02

Health: -2/39      AC:  5    Str: 12    XL:     5   Next: 70%
Magic:  1/7        EV: 12    Int: 11    God:
Gold:   204        SH:  0    Dex:  9    Spells: 2/9 levels left

rFire    . . .     SeeInvis .     - Unarmed
rCold    + . .     Gourm    .   a - +1 robe
rNeg     + + +     Faith    .   (no shield)
rPois    ∞         Spirit   .   o - +0 helmet (curse)
rElec    .         Reflect  .   (no cloak)
rCorr    .         Harm     .   (no gloves)
MR       .....                  e - +0 pair of boots
Stlth    ++........             (no amulet)
Regen    0.0/turn               (no ring)
MPRegen  0.1/turn               (no ring)

@: very slightly contaminated, rotting
A: rotting body, claws 1, carnivore 3, cold resistance 1, negative energy
resistance 3, inhibited regeneration, torment resistance, unbreathing
a: no special abilities


You were on level 3 of the Dungeon.
You were not hungry.

You visited 1 branch of the dungeon, and saw 3 of its levels.

You collected 204 gold pieces.

Inventory:

Armour
 a - a +1 robe (worn)
 e - a +0 pair of boots (worn)
 o - a cursed +0 helmet (worn)
Wands
 c - a wand of polymorph (12/24)
Scrolls
 j - 3 scrolls of identify
 k - 4 scrolls of teleportation
Potions
 d - a potion of invisibility {unknown}
 g - a potion of magic {unknown}
 h - a potion of berserk rage
 i - 3 potions of mutation {unknown}
 l - a potion of might {unknown}
 n - a potion of lignification {unknown}
 p - 3 potions of cancellation {unknown}
 r - a potion of degeneration {unknown}
 s - a potion of brilliance {unknown}
Books
 b - a book of Frost

   Spells                             Type                      Level
   a - Freeze                         Ice                          1
   b - Throw Frost                    Conjuration/Ice              2
   c - Ozocubu's Armour               Charms/Ice                   3
   d - Throw Icicle                   Conjuration/Ice              4
   e - Summon Ice Beast               Ice/Summoning                4
Comestibles
 f - 2 royal jellies
 q - a bread ration


   Skills:
 + Level 0.9 Fighting
 + Level 2.4 Dodging
 + Level 2.8 Stealth
 + Level 2.1 Unarmed Combat
 + Level 2.5 Spellcasting
 + Level 1.0 Conjurations
 + Level 4.7 Ice Magic


You had 2 spell levels left.
You knew the following spells:

 Your Spells              Type           Power        Failure   Level  Hunger
a - Freeze                Ice            ##..         4%          1    ##.....
b - Throw Frost           Conj/Ice       #.....       14%         2    ###....
c - Summon Ice Beast      Ice/Summ       #.......     89%         4    #####..


Dungeon Overview and Level Annotations

Branches:
Dungeon (3/15)

Altars:


Innate Abilities, Weirdness & Mutations

Your body is rotting away.
You thrive on raw meat.
You are immune to poison.
You have sharp fingernails.
You are carnivorous and can eat meat at any time.
Your flesh is cold resistant. (rC+)
You are immune to negative energy. (rN+++)
You do not regenerate when monsters are visible.
You are immune to unholy pain and torment.
You can survive without breathing.


Message History

Press: ? - help, Shift-Dir - straight line, f - orc wizard
Aim: an orc wizard, wielding a dagger of venom and wearing a robe (severely wounded, fast)
You freeze the orc wizard.
The orc wizard is almost dead.
The orc wizard hits you with a dagger of venom.
* * * LOW HITPOINT WARNING * * *
Something hits you.
* * * LOW HITPOINT WARNING * * *
The orc wizard misses you.
Casting: Freeze
Confirm with . or Enter, or press ? or * to list all spells.
Aiming: Freeze
Press: ? - help, Shift-Dir - straight line, f/p - orc wizard
Aim: an orc wizard, wielding a dagger of venom and wearing a robe (almost dead, fast)
You freeze the orc wizard.
The orc wizard is almost dead.
You hear some strange, mumbled words.
A puff of flame appears from out of thin air!
The puff of flame hits you!
You die...

.# #..........#.#.# .#
#..........#.#.# ##
#..........#.#.#
#..........#.#.#
#..........#.#.#
#..........#.#.#########
#..........#.#.........#
##'#########.########.##
#.#oo)@o..#.########.#
#.#.#####.#..........#
#.#. #.############ #.#.
#.# #.#o #.# #.#o #.#
#.#o #.# #.#o #.# #.#
#.#


You could see an orc wizard and 2 orcs.

Vanquished Creatures
  A crimson imp (D:3)
  3 adders
  An ooze (D:2)
  3 worms
  A dart slug (D:2)
  6 leopard geckos
  An orc (D:3)
  12 bats
  7 giant cockroaches
  16 goblins
  15 hobgoblins
  7 jackals
  A quokka (D:3)
  2 ball pythons
  6 frilled lizards
  10 kobolds
  10 rats
102 creatures vanquished.

Notes
Turn   | Place    | Note
-------+----------+-------------------------------------------
     0 | D:1      | Ruggiaman the Ghoul Ice Elementalist began the quest for the Orb.
     0 | D:1      | Reached XP level 1. HP: 14/14 MP: 2/2
    86 | D:1      | Reached XP level 2. HP: 18/20 MP: 3/3
   119 | D:1      | Learned a level 2 spell: Throw Frost
   377 | D:1      | Reached skill level 1 in Conjurations
   703 | D:1      | Reached XP level 3. HP: 13/24 MP: 4/4
   969 | D:1      | Reached skill level 4 in Ice Magic
  1734 | D:1      | Reached skill level 1 in Unarmed Combat
  2552 | D:1      | Reached XP level 4. HP: 4/26 MP: 2/5
  4131 | D:2      | Found a faded altar of an unknown god.
  5974 | D:2      | Upgraded the game from 0.20-a0-795-ga03948b to 0.20-a0-809-gaf7f668
  6046 | D:3      | Reached XP level 5. HP: 27/29 MP: 7/7
  7742 | D:3      | Learned a level 4 spell: Summon Ice Beast
  8035 | D:3      | Killed from afar by an orc wizard

Vault maps used:
D:1:      dpeg_arrival_oval, minmay_misc_feat_tower
D:2:      chequers_ecumenical_altar_island, st_stairs_12,
          kennysheep_generic_room_13
D:3:      first_bread

Skill      XL: |  1  2  3  4  5 |
---------------+----------------+-----
Dodging        | 2 |  2.4
Conjurations   | 1 |  1.0
Ice Magic      | 4 |  4.7
Unarmed Combat | 1 2 |  2.1
Spellcasting   | 2 |  2.5
Fighting       | |  0.9
Stealth        | |  2.8

Action                   |  1- 3 |  4- 6 || total
-------------------------+-------+-------++-------
Melee: Unarmed           |   146 |   224 ||   370
       Punch             |     1 |       ||     1
 Cast: Throw Frost       |    10 |    38 ||    48
       Freeze            |     6 |    48 ||    54
  Use: Scroll            |     1 |     8 ||     9
       Potion            |       |     1 ||     1
 Stab: Sleeping          |     1 |       ||     1
       Distracted        |     1 |       ||     1
  Eat: Chunk             |     5 |    35 ||    40
       Meat ration       |       |     1 ||     1
Armor: Robe              |    40 |    98 ||   138
Dodge: Dodged            |   104 |   177 ||   281
